[ AOE2 MATCH · #495787638 ]
UnrankedBengalis vs Cumans
Player's team · LOSS
Rival team · WIN
[ REPLAY ANALYSIS · EXTRACTED FROM THE RECORDED GAME ]
Feudal
10:34
Castle
14:42
Imperial
27:12
| APM avg | 59.1 |
| APM peak | 94 |
| eAPM avg | 40.3 |
| Villagers / military | 165 / 147 |
Focus
⚔️ 39.9% · 🌾 60.1%
Spearman ×72 · Scout Cavalry ×27 · Ratha (Ranged) ×25 · Battle Elephant ×7 · Monk ×5 · Mangonel ×5
Feudal
8:51
Castle
21:48
Imperial
27:02
| APM avg | 36.5 |
| APM peak | 66 |
| eAPM avg | 22.8 |
| Villagers / military | 132 / 156 |
Focus
⚔️ 41.8% · 🌾 58.2%
Steppe Lancer ×78 · Scout Cavalry ×35 · Kipchak ×27 · Trebuchet (Packed) ×9 · Mangonel ×3 · Monk ×2
Match map
Initial resources + every placement click. Lines = walls · curves = elevation contours. ◆ gold · ⬟ stone · ● berries · ✦ relic · ◌ wall gap
Your base· ✓ Closed at 14:42 · 0t walls · 3 gate(s)
Kejserguldbajer 2.'s base· ✓ Closed at 21:48 · 0t walls · 3 gate(s)
Smoothed initial terrain · ◌ = detected wall gap · hover for details
Inputs per minute
— beta55 - - Kejserguldbajer 2.
Build order — beta55
First 150 of 513 actions detected
| 0:00 | Queue | Villager (Male) ×4 |
| 0:02 | Build | House |
| 0:03 | Build | House |
| 1:18 | Queue | Villager (Male) |
| 2:06 | Queue | Villager (Male) |
| 2:22 | Queue | Villager (Male) |
| 2:37 | Queue | Villager (Male) |
| 2:37 | Queue | Villager (Male) |
| 2:57 | Queue | Villager (Male) |
| 2:58 | Queue | Villager (Male) |
| 3:27 | Build | Lumber Camp |
| 3:28 | Queue | Villager (Male) |
| 3:36 | Queue | Villager (Male) |
| 3:50 | Build | House |
| 3:53 | Queue | Villager (Male) |
| 4:05 | Queue | Villager (Male) |
| 4:05 | Queue | Villager (Male) |
| 4:10 | Queue | Villager (Male) |
| 4:50 | Queue | Villager (Male) |
| 4:50 | Queue | Villager (Male) |
| 5:11 | Queue | Villager (Male) |
| 5:14 | Build | House |
| 5:45 | Build | Lumber Camp |
| 6:45 | Build | Mill |
| 7:15 | Build | Mining Camp |
| 7:31 | Queue | Villager (Male) |
| 7:39 | Build | Farm |
| 7:47 | Build | Farm |
| 7:56 | Queue | Villager (Male) |
| 8:24 | Research | Feudal Age |
| 8:26 | Build | House |
| 9:10 | Queue | Villager (Male) |
| 9:10 | Queue | Villager (Male) |
| 10:00 | Build | Farm |
| 10:17 | Build | Farm |
| 10:34 | Age | Feudal Age |
| 10:36 | Build | Blacksmith |
| 10:38 | Build | Market |
| 10:47 | Build | Farm |
| 11:18 | Build | Farm |
| 11:34 | Queue | Villager (Male) |
| 11:36 | Build | Farm |
| 11:43 | Build | House |
| 12:02 | Research | Castle Age |
| 12:31 | Research | Double-Bit Axe |
| 13:00 | Research | Horse Collar |
| 13:09 | Queue | Villager (Male) |
| 13:10 | Build | Farm |
| 13:21 | Build | House |
| 14:42 | Age | Castle Age |
| 14:43 | Build | Town Center |
| 14:45 | Build | Town Center |
| 14:46 | Queue | Villager (Male) |
| 14:54 | Research | Bow Saw |
| 15:01 | Queue | Villager (Male) |
| 15:13 | Queue | Villager (Male) |
| 15:18 | Queue | Villager (Male) |
| 15:33 | Build | Farm |
| 15:38 | Queue | Villager (Male) ×5 |
| 15:42 | Queue | Villager (Male) |
| 15:43 | Build | House |
| 15:54 | Research | Wheelbarrow |
| 15:54 | Research | Wheelbarrow |
| 15:55 | Queue | Villager (Male) |
| 15:57 | Queue | Villager (Male) |
| 16:06 | Queue | Villager (Male) ×3 |
| 16:11 | Build | Farm |
| 16:13 | Build | Farm |
| 16:17 | Build | House |
| 16:19 | Build | House |
| 16:23 | Build | Farm |
| 16:26 | Build | Farm |
| 16:29 | Queue | Villager (Male) |
| 16:36 | Build | House |
| 16:36 | Build | House |
| 16:38 | Build | Farm |
| 16:39 | Queue | Villager (Male) |
| 16:51 | Research | Stone Mining |
| 16:52 | Research | Stone Mining |
| 16:53 | Queue | Villager (Male) ×3 |
| 16:54 | Queue | Villager (Male) ×3 |
| 16:56 | Build | Farm |
| 17:05 | Build | House |
| 17:05 | Build | House |
| 17:07 | Queue | Villager (Male) |
| 17:11 | Queue | Villager (Male) |
| 17:29 | Build | Farm |
| 17:30 | Queue | Villager (Male) |
| 17:43 | Queue | Villager (Male) |
| 17:47 | Queue | Villager (Male) |
| 17:48 | Queue | Villager (Male) |
| 17:48 | Queue | Villager (Male) |
| 18:08 | Build | Town Center |
| 18:09 | Queue | Villager (Male) |
| 18:14 | Queue | Villager (Male) |
| 18:16 | Build | House |
| 18:16 | Build | House |
| 18:20 | Queue | Villager (Male) |
| 18:29 | Queue | Villager (Male) |
| 18:38 | Build | Farm |
| 18:38 | Build | Farm |
| 18:42 | Build | Farm |
| 18:42 | Queue | Villager (Male) |
| 18:44 | Build | Farm |
| 18:48 | Build | Farm |
| 18:50 | Build | Farm |
| 18:51 | Queue | Villager (Male) |
| 18:51 | Queue | Villager (Male) |
| 18:56 | Queue | Villager (Male) |
| 18:56 | Queue | Villager (Male) |
| 19:04 | Build | Farm |
| 19:07 | Build | Farm |
| 19:15 | Queue | Villager (Male) |
| 19:16 | Build | Farm |
| 19:22 | Build | Farm |
| 19:22 | Queue | Villager (Male) |
| 19:25 | Queue | Villager (Male) |
| 19:29 | Queue | Villager (Male) |
| 19:30 | Queue | Villager (Male) |
| 19:31 | Build | House |
| 19:32 | Build | House |
| 19:44 | Queue | Villager (Male) |
| 19:44 | Queue | Villager (Male) |
| 19:50 | Queue | Villager (Male) |
| 19:53 | Build | Farm |
| 19:53 | Queue | Villager (Male) |
| 19:54 | Build | Farm |
| 19:58 | Queue | Villager (Male) |
| 20:00 | Build | House |
| 20:01 | Queue | Villager (Male) |
| 20:07 | Research | Loom |
| 20:15 | Queue | Villager (Male) |
| 20:15 | Queue | Villager (Male) |
| 20:15 | Queue | Villager (Male) |
| 20:22 | Queue | Villager (Male) |
| 20:24 | Queue | Villager (Male) |
| 20:25 | Build | House |
| 20:28 | Build | House |
| 20:31 | Build | House |
| 20:32 | Queue | Villager (Male) |
| 20:32 | Queue | Villager (Male) |
| 20:33 | Queue | Villager (Male) |
| 20:38 | Build | Farm |
| 20:38 | Queue | Villager (Male) ×2 |
| 20:39 | Build | Farm |
| 20:52 | Queue | Villager (Male) |
| 20:52 | Queue | Villager (Male) |
| 20:54 | Build | Farm |
| 20:58 | Queue | Villager (Male) |
| 21:05 | Build | Farm |
Build order — Kejserguldbajer 2.
First 150 of 417 actions detected
| 0:01 | Queue | Villager (Male) |
| 0:01 | Queue | Villager (Male) |
| 0:01 | Queue | Villager (Male) |
| 0:02 | Queue | Villager (Male) |
| 0:03 | Build | House |
| 0:05 | Build | House |
| 1:26 | Queue | Villager (Male) |
| 1:51 | Build | Lumber Camp |
| 1:56 | Queue | Villager (Male) |
| 2:24 | Queue | Villager (Male) |
| 2:25 | Queue | Villager (Male) |
| 3:16 | Queue | Villager (Male) |
| 3:22 | Queue | Villager (Male) |
| 3:25 | Build | House |
| 3:48 | Queue | Villager (Male) |
| 3:53 | Build | House |
| 4:09 | Queue | Villager (Male) |
| 4:30 | Queue | Villager (Male) |
| 4:30 | Queue | Villager (Male) |
| 4:56 | Build | Mill |
| 5:21 | Queue | Villager (Male) |
| 5:50 | Queue | Villager (Male) |
| 6:27 | Research | Feudal Age |
| 8:00 | Build | House |
| 8:40 | Queue | Villager (Male) |
| 8:40 | Queue | Villager (Male) |
| 8:41 | Queue | Villager (Male) |
| 8:51 | Age | Feudal Age |
| 8:52 | Build | Town Center |
| 9:00 | Research | Double-Bit Axe |
| 9:33 | Build | Farm |
| 9:44 | Build | Farm |
| 9:48 | Build | Farm |
| 10:00 | Queue | Villager (Male) |
| 10:09 | Build | Farm |
| 10:15 | Queue | Villager (Male) |
| 10:34 | Queue | Villager (Male) |
| 10:49 | Build | Farm |
| 10:50 | Build | Farm |
| 10:55 | Build | Farm |
| 10:58 | Queue | Villager (Male) |
| 10:58 | Queue | Villager (Male) |
| 11:04 | Research | Loom |
| 11:04 | Queue | Villager (Male) |
| 11:05 | Queue | Villager (Male) |
| 11:27 | Build | Farm |
| 11:29 | Build | Farm |
| 11:29 | Queue | Villager (Male) |
| 11:41 | Queue | Villager (Male) |
| 11:50 | Build | Farm |
| 11:51 | Queue | Villager (Male) |
| 11:56 | Build | House |
| 11:57 | Build | House |
| 11:59 | Build | House |
| 12:03 | Queue | Villager (Male) |
| 12:04 | Queue | Villager (Male) |
| 12:15 | Research | Horse Collar |
| 12:35 | Queue | Villager (Male) |
| 12:38 | Queue | Villager (Male) |
| 12:49 | Build | Barracks |
| 12:58 | Queue | Villager (Male) |
| 13:06 | Build | House |
| 13:16 | Queue | Villager (Male) |
| 13:18 | Queue | Villager (Male) |
| 13:32 | Queue | Villager (Male) |
| 13:32 | Queue | Villager (Male) |
| 13:45 | Research | Wheelbarrow |
| 13:47 | Build | Farm |
| 14:01 | Build | House |
| 14:03 | Build | House |
| 14:09 | Queue | Villager (Male) |
| 14:12 | Build | Farm |
| 14:22 | Build | Farm |
| 14:24 | Queue | Villager (Male) |
| 14:36 | Build | Farm |
| 14:39 | Queue | Villager (Male) |
| 14:50 | Build | Farm |
| 15:02 | Build | House |
| 15:03 | Build | House |
| 15:04 | Queue | Villager (Male) |
| 15:15 | Build | Stable |
| 15:22 | Build | House |
| 15:35 | Queue | Villager (Male) |
| 15:36 | Queue | Villager (Male) |
| 15:40 | Build | Blacksmith |
| 15:45 | Queue | Villager (Male) |
| 15:54 | Build | Outpost |
| 15:57 | Build | Outpost |
| 16:01 | Queue | Villager (Male) |
| 16:08 | Build | Mining Camp |
| 16:10 | Queue | Villager (Male) |
| 16:10 | Queue | Scout Cavalry |
| 16:20 | Queue | Scout Cavalry |
| 16:22 | Queue | Villager (Male) |
| 16:25 | Build | House |
| 16:26 | Build | House |
| 16:28 | Build | House |
| 16:36 | Build | Mill |
| 16:36 | Build | Farm |
| 16:37 | Build | Farm |
| 16:37 | Build | Farm |
| 16:37 | Build | Farm |
| 16:40 | Build | Farm |
| 16:41 | Build | Farm |
| 16:43 | Queue | Villager (Male) |
| 16:58 | Research | Town Watch |
| 17:07 | Research | Gold Mining |
| 17:08 | Queue | Villager (Male) |
| 17:12 | Build | Market |
| 17:13 | Build | House |
| 17:25 | Build | Farm |
| 17:27 | Queue | Villager (Male) |
| 17:31 | Build | Outpost |
| 17:34 | Build | Outpost |
| 17:51 | Queue | Villager (Male) |
| 17:51 | Queue | Villager (Male) |
| 18:17 | Queue | Villager (Male) |
| 18:18 | Queue | Villager (Male) |
| 18:18 | Queue | Villager (Male) |
| 18:29 | Build | Farm |
| 18:29 | Build | Farm |
| 18:30 | Build | Farm |
| 18:30 | Build | Farm |
| 18:31 | Build | Farm |
| 18:33 | Queue | Villager (Male) |
| 19:00 | Research | Castle Age |
| 19:09 | Queue | Villager (Male) |
| 19:21 | Build | Mill |
| 19:22 | Build | Farm |
| 19:22 | Build | Farm |
| 19:22 | Build | Farm |
| 19:23 | Build | Farm |
| 19:35 | Queue | Villager (Male) |
| 19:43 | Queue | Scout Cavalry |
| 19:43 | Queue | Scout Cavalry |
| 20:07 | Research | Forging |
| 20:15 | Build | Farm |
| 20:15 | Build | Farm |
| 20:38 | Build | House |
| 20:46 | Build | Farm |
| 20:47 | Queue | Villager (Male) |
| 20:48 | Queue | Villager (Male) |
| 21:09 | Queue | Villager (Male) |
| 21:27 | Research | Bloodlines |
| 21:48 | Age | Castle Age |
| 21:51 | Build | Castle |
| 22:08 | Queue | Villager (Male) |
| 22:09 | Queue | Villager (Male) |
| 22:10 | Queue | Villager (Male) |
| 22:20 | Research | Light Cavalry (upgrade) |
Match timeline
| 8:51 | Kejserguldbajer 2. · age_up feudal |
| 10:34 | beta55 · age_up feudal |
| 12:49 | Kejserguldbajer 2. · first_building Barracks |
| 14:42 | beta55 · age_up castle |
| 15:15 | Kejserguldbajer 2. · first_building Stable |
| 21:27 | beta55 · wall_segment Palisade Wall x1 |
| 21:27 | beta55 · wall_segment Palisade Wall x1 |
| 21:28 | beta55 · wall_segment Palisade Wall x1 |
| 21:41 | beta55 · wall_segment Palisade Wall x1 |
| 21:44 | Kejserguldbajer 2. · first_market_buy 100 stone |
| 21:48 | Kejserguldbajer 2. · age_up castle |
| 21:51 | Kejserguldbajer 2. · first_building Castle |
| 22:26 | beta55 · first_market_buy 100 stone |
| 22:27 | beta55 · first_building Castle |
| 22:47 | beta55 · wall_segment Palisade Wall x1 |
| 22:54 | Kejserguldbajer 2. · first_building Siege Workshop |
| 23:03 | beta55 · first_market_sell 500 wood |
| 23:50 | Kejserguldbajer 2. · first_market_sell 100 wood |
| 24:29 | beta55 · first_building Siege Workshop |
| 25:47 | beta55 · first_building Barracks |
| 26:00 | beta55 · wall_segment Stone Wall x1 |
| 26:35 | beta55 · first_building Monastery |
| 26:43 | beta55 · first_building Stable |
| 27:02 | Kejserguldbajer 2. · age_up imperial |
| 27:12 | beta55 · age_up imperial |
| 34:20 | Kejserguldbajer 2. · first_building Monastery |
| 39:00 | beta55 · wall_segment Stone Wall x1 |
| 39:30 | beta55 · wall_segment Stone Wall x8 |
| 39:48 | beta55 · wall_segment Stone Wall x2 |
| 39:49 | beta55 · wall_segment Stone Wall x1 |
| 39:51 | beta55 · wall_segment Stone Wall x1 |
| 40:32 | beta55 · first_building Archery Range |
| 41:16 | beta55 · wall_segment Stone Wall x1 |
| 41:17 | beta55 · wall_segment Stone Wall x2 |
| 41:18 | beta55 · wall_segment Stone Wall x1 |
| 41:22 | beta55 · wall_segment Stone Wall x4 |
| 43:01 | beta55 · resign |
[ AI ANALYSIS · 1 CREDIT ]
What really happened in this match?
Wolo.gg analyzes every decision: build order, eco, micro, common mistakes by bracket. Personalized analysis on WhatsApp or Discord in 30 seconds.
Civ guide
Bengalis
Perfil
beta55